 Dungeon Crawl Stone Soup version 0.22-a0-565-gfc6459a524 (webtiles) character file.

485 Foic the Grave Robber (level 7, -6/50 HPs)
             Began as a Gnoll Necromancer on June 28, 2018.
             Splashed by an orc's acid (10 damage)
             ... on level 4 of the Dungeon.
             The game lasted 00:18:50 (3969 turns).

Foic the Grave Robber (Gnoll Necromancer)           Turns: 3969, Time: 00:18:51

Health: -6/50      AC:  0    Str: 13    XL:     7   Next: 13%
Magic:  15/15      EV: 14    Int: 20    God:
Gold:   183        SH:  0    Dex: 15    Spells: 5/17 levels left

rFire    . . .     SeeInvis .   b - +0 hunting sling
rCold    . . .     Gourm    .   (no shield)
rNeg     . . .     Faith    .   n - +0 leather armour
rPois    .         Spirit   .   (no helmet)
rElec    .         Reflect  .   (no cloak)
rCorr    .         Harm     .   (no gloves)
MR       .....                  (no boots)
Stlth    ++++......             (no amulet)
HPRegen  0.16/turn              p - ring of stealth
MPRegen  0.14/turn              r - +3 ring of strength

@: corroded
A: distributed training, fangs 1, strong nose
a: no special abilities


You were on level 4 of the Dungeon.
You were not hungry.

You visited 1 branch of the dungeon, and saw 4 of its levels.

You collected 183 gold pieces.

Inventory:

Hand Weapons
 a - the +9 dagger "Seasa" {pierce, Stlth+}
   (You found it on level 4 of the Dungeon)

   It inflicts extra damage upon your enemies.
   It makes you more stealthy.
 b - a +0 hunting sling (weapon)
 e - a +0 dagger
 y - a +0 mace
Missiles
 d - 9 poisoned needles
 f - 12 stones (quivered)
 g - 89 bolts
 l - 34 arrows
 s - 75 sling bullets
Armour
 h - a +0 ring mail
 k - a +0 robe
 n - a +0 leather armour (worn)
Jewellery
 p - a ring of stealth (left hand)
 r - a +3 ring of strength (right hand)
 w - an uncursed ring of protection from fire {unknown}
Wands
 j - a wand of acid (12)
 x - a wand of paralysis (21)
Scrolls
 i - a scroll of teleportation {unknown}
 m - a scroll of fog
 o - 2 scrolls of enchant weapon {unknown}
 t - a scroll of magic mapping {unknown}
 z - a scroll of noise {unknown}
Potions
 q - 2 potions of haste {unknown}
 u - a potion of mutation {unknown}
 v - a potion of ambrosia {unknown}
Comestibles
 c - 3 rations


   Skills:
 + Level 2.2 Fighting
 + Level 2.2 Short Blades
 + Level 2.2 Long Blades
 + Level 2.2 Axes
 + Level 2.2 Maces & Flails
 + Level 2.2 Polearms
 + Level 2.2 Staves
 + Level 2.2 Slings
 + Level 2.2 Bows
 + Level 2.2 Crossbows
 + Level 2.2 Throwing
 + Level 2.2 Armour
 + Level 5.1 Dodging
 + Level 4.7 Stealth
 + Level 2.2 Shields
 + Level 2.2 Unarmed Combat
 + Level 5.5 Spellcasting
 + Level 1.8 Conjurations
 + Level 1.8 Hexes
 + Level 1.8 Charms
 + Level 1.8 Summonings
 + Level 7.3 Necromancy
 + Level 1.8 Translocations
 + Level 1.8 Transmutations
 + Level 1.8 Fire Magic
 + Level 1.8 Ice Magic
 + Level 1.8 Air Magic
 + Level 1.8 Earth Magic
 + Level 1.8 Poison Magic
 + Level 2.5 Invocations
 + Level 2.2 Evocations


You had 5 spell levels left.
You knew the following spells:

 Your Spells              Type           Power        Failure   Level  Hunger
a - Pain                  Necr           ####         1%          1    None
b - Animate Skeleton      Necr           N/A          1%          1    None
c - Vampiric Draining     Necr           #####.....   1%          3    ##.....
d - Regeneration          Chrm/Necr      ###.......   6%          3    ##.....
e - Animate Dead          Necr           N/A          7%          4    ####...

Your spell library contained the following spells:

 Spells                   Type           Power        Failure   Level  Hunger


Dungeon Overview and Level Annotations

Branches:
Dungeon (4/15)
 Temple: D:4-7

Altars:
Ru
Zin

Annotations:
D:4 Natasha


Innate Abilities, Weirdness & Mutations

Your experience applies equally to all skills.
You have very sharp teeth.
Your uncanny sense of smell can sniff out nearby items.


Message History

Press: ? - help, Shift-Dir - straight line, f/p - orc
Aim: an orc, wielding a dagger and wearing a leather armour (heavily wounded)
You shoot a stone. The stone completely misses the orc.
Firing (i - inventory. (/) - cycle)
f - 13 stones (quivered)
Press: ? - help, Shift-Dir - straight line, f/p - orc
Aim: an orc, wielding a dagger and wearing a leather armour (heavily wounded)
You shoot a stone. The stone completely misses the orc.
Things that are here:
a leather armour; a hand axe; a dagger The orc zaps a wand.
The bolt of acid misses you.
It is a wand of acid (11).
The orc zaps a wand.
The bolt of acid hits you! The acid corrodes you!
You are splashed with acid!
The acid burns!
There is a stone staircase leading up here.
The orc zaps a wand.
The bolt of acid hits the orc.
The orc is splashed with acid.
The acid corrodes the orc!
The orc dies!
The bolt of acid hits you!
* * * LOW HITPOINT WARNING * * *
You are splashed with acid!
The acid burns!
You die...

##..## #.## ##..##
#.# ###..## #.#
##...## #.# #....#
##.# #...## ##..#
#...## ####...#
##...#####.....##
#.@.......#####
#.).....###
##.....## .
#..o...# #..
##.[....##
#..####...##..(##
#........#####.(##
##....o.## ##.(#
##...(## ##..#


You could see 2 orcs.

Vanquished Creatures
  Grinder (D:4)
  A scorpion (D:4)
  A bullfrog skeleton (D:4)
  2 orc wizards (D:3)
  2 iguanas (D:3)
  6 adders
  2 oozes
  A worm (D:3)
  A dart slug (D:2)
  A leopard gecko (D:3)
  3 orcs
  A ball python (D:2)
  2 giant cockroaches (D:3)
  9 goblins
  10 hobgoblins
  5 jackals
  2 kobolds
  3 quokkas
  5 bats
  2 frilled lizards
  3 rats
63 creatures vanquished.

Vanquished Creatures (collateral kills)
  An orc (D:4)
  3 jackals (D:3)
  A frilled lizard (D:4)
5 creatures vanquished.

Vanquished Creatures (others)
  An orc (D:4)
1 creature vanquished.

Grand Total: 69 creatures vanquished

Notes
Turn   | Place    | Note
-------+----------+-------------------------------------------
     0 | D:1      | Foic the Gnoll Necromancer began the quest for the Orb.
     0 | D:1      | Reached XP level 1. HP: 13/13 MP: 6/6
     2 | D:1      | Learned a level 1 spell: Animate Skeleton
   307 | D:1      | Reached XP level 2. HP: 18/20 MP: 4/7
   959 | D:2      | Reached XP level 3. HP: 25/25 MP: 7/9
   971 | D:2      | Learned a level 3 spell: Vampiric Draining
   975 | D:2      | Learned a level 3 spell: Regeneration
   999 | D:2      | Reached skill level 5 in Spellcasting
  1197 | D:2      | Reached skill level 1 in Invocations
  1397 | D:2      | Reached skill level 1 in Fighting
  1397 | D:2      | Reached skill level 1 in Short Blades
  1397 | D:2      | Reached skill level 1 in Long Blades
  1397 | D:2      | Reached skill level 1 in Axes
  1397 | D:2      | Reached skill level 1 in Maces & Flails
  1397 | D:2      | Reached skill level 1 in Polearms
  1397 | D:2      | Reached skill level 1 in Staves
  1397 | D:2      | Reached skill level 1 in Slings
  1397 | D:2      | Reached skill level 1 in Bows
  1397 | D:2      | Reached skill level 1 in Crossbows
  1397 | D:2      | Reached skill level 1 in Throwing
  1397 | D:2      | Reached skill level 1 in Armour
  1397 | D:2      | Reached skill level 1 in Shields
  1397 | D:2      | Reached skill level 1 in Unarmed Combat
  1397 | D:2      | Reached skill level 1 in Evocations
  1702 | D:2      | Reached XP level 4. HP: 22/32 MP: 4/11
  1859 | D:3      | Learned a level 4 spell: Animate Dead
  2079 | D:3      | Reached skill level 1 in Conjurations
  2079 | D:3      | Reached skill level 1 in Hexes
  2079 | D:3      | Reached skill level 1 in Charms
  2079 | D:3      | Reached skill level 1 in Summonings
  2079 | D:3      | Reached skill level 1 in Translocations
  2079 | D:3      | Reached skill level 1 in Transmutations
  2079 | D:3      | Reached skill level 1 in Fire Magic
  2079 | D:3      | Reached skill level 1 in Ice Magic
  2079 | D:3      | Reached skill level 1 in Air Magic
  2079 | D:3      | Reached skill level 1 in Earth Magic
  2079 | D:3      | Reached skill level 1 in Poison Magic
  2157 | D:3      | Found a glowing silver altar of Zin.
  2217 | D:3      | Found a sacrificial altar of Ru.
  2219 | D:3      | Reached XP level 5. HP: 37/37 MP: 9/12
  3094 | D:4      | Got a fine dagger
  3095 | D:4      | Identified the +9 dagger "Seasa" {pierce, Stlth+} (You found it on level 4 of the Dungeon)
  3197 | D:4      | Noticed Natasha
  3216 | D:3      | Reached XP level 6. HP: 33/44 MP: 0/13
  3328 | D:4      | Reached skill level 5 in Dodging
  3446 | D:4      | Noticed Grinder
  3623 | D:4      | Paralysed by Grinder for 3 turns
  3636 | D:4      | Killed Grinder
  3636 | D:4      | Reached XP level 7. HP: 20/50 MP: 11/15
  3969 | D:4      | Splashed by an orc's acid

Vault maps used:
D:1:      mrwooster_arrival_statue_3, minmay_misc_feat_chi, serial_bayou_ford_a
D:2:      kennysheep_cross_room
D:3:      nicolae_ru_great_annihilating_truth, nicolae_overflow_crystal_walls
D:4:      cheibrodos_gnoll_hut, uniq_grinder, uniq_natasha

Skill      XL: |  1  2  3  4  5  6 |
---------------+-------------------+-----
Spellcasting   | 5 |  5.5
Invocations    | 1 2 |  2.5
Fighting       | 1 2 |  2.2
Short Blades   | 1 2 |  2.2
Long Blades    | 1 2 |  2.2
Axes           | 1 2 |  2.2
Maces & Flails | 1 2 |  2.2
Polearms       | 1 2 |  2.2
Staves         | 1 2 |  2.2
Slings         | 1 2 |  2.2
Bows           | 1 2 |  2.2
Crossbows      | 1 2 |  2.2
Throwing       | 1 2 |  2.2
Armour         | 1 2 |  2.2
Shields        | 1 2 |  2.2
Unarmed Combat | 1 2 |  2.2
Evocations     | 1 2 |  2.2
Conjurations   | 1 |  1.8
Hexes          | 1 |  1.8
Charms         | 1 |  1.8
Summonings     | 1 |  1.8
Translocations | 1 |  1.8
Transmutations | 1 |  1.8
Fire Magic     | 1 |  1.8
Ice Magic      | 1 |  1.8
Air Magic      | 1 |  1.8
Earth Magic    | 1 |  1.8
Poison Magic   | 1 |  1.8
Dodging        | 5 |  5.1
Stealth        | |  4.7
Necromancy     | |  7.3

Action                   |  1- 3 |  4- 6 |  7- 9 || total
-------------------------+-------+-------+-------++-------
Melee: Mace              |       |     8 |       ||     8
       Dagger            |       |    17 |       ||    17
       Bite              |       |     2 |       ||     2
 Fire: Hunting sling     |     8 |    38 |    10 ||    56
Throw: Stone             |     5 |       |       ||     5
 Cast: Pain              |    44 |    30 |       ||    74
       Animate Skeleton  |     1 |     5 |       ||     6
       Vampiric Draining |       |    10 |       ||    10
       Regeneration      |       |     3 |       ||     3
       Animate Dead      |       |     2 |       ||     2
  Use: Scroll            |     3 |     1 |       ||     4
       Potion            |       |     3 |       ||     3
  Eat: Chunk             |     2 |     6 |       ||     8
       Ration            |       |       |     1 ||     1
Armor: Leather armour    |       |     3 |       ||     3
Dodge: Dodged            |     7 |    25 |     1 ||    33

Table legend:
 A = Spawn XP
 B = Non-spawn XP
 C = Spawn XP percentage of total XP
 D = Spawn monster count
 E = Non-spawn monster count
 F = Spawn count percentage of total count
 G = Total turns spent on level
                    A         B        C        D         E        F      G
               +---------+---------+-------+---------+---------+-------+---------
         Total |       0 |     693 |   0.0 |       0 |      68 |   0.0 |  3969
               +---------+---------+-------+---------+---------+-------+---------
           D:1 |       0 |      31 |   0.0 |       0 |      15 |   0.0 |   895
           D:2 |       0 |      65 |   0.0 |       0 |      20 |   0.0 |   941
           D:3 |       0 |     213 |   0.0 |       0 |      24 |   0.0 |  1462
           D:4 |       0 |     384 |   0.0 |       0 |       9 |   0.0 |   671
               +---------+---------+-------+---------+---------+-------+---------
